SAAA
PURE MICHIGAN GREAT LAKERS @ ROYSE CITY TARGARYENS
07/30/2033
 
TOP OF THE 1ST
Pure Michigan Great Lakers batting - Pitching for Royse City Targaryens : LHP Earl Farley
Pitching: LHP Earl Farley
Batting: SHB Allen Pandey 0-0: Foul Ball, location: 2F
0-1: Swinging Strike
0-2: Fly out, F3 (Line Drive, 34)
Batting: LHB Yin-reng Hsueh 0-0: Called Strike
0-1: Called Strike
0-2: Foul Ball, location: 2F
0-2: Strikes out looking
Batting: RHB Alco Compagne 0-0: SINGLE (Groundball, 6MD)
Batting: RHB Dan Hendricks 0-0: Ground out 6-3 (Groundball, 6S)
Top of the 1st over - 0 runs, 1 hit, 0 errors, 1 left on base; Pure Michigan 0 - Royse City 0
BOTTOM OF THE 1ST
Royse City Targaryens batting - Pitching for Pure Michigan Great Lakers : RHP Luis Bustamante
Pitching: RHP Luis Bustamante
Batting: SHB Miguel Herrera 0-0: SINGLE (Line Drive, 78M)
Batting: LHB Jayden Laming 0-0: Ball
1-0: Foul Ball, location: 2F
1-1: 2-RUN HOME RUN (Flyball, 7D), Distance : 372 ft
Batting: RHB Melvin Thomas 0-0: Fly out, F7 (Flyball, 7S)
Batting: SHB Barney Heise 0-0: Ball
1-0: Fly out, F8 (Line Drive, 8LS)
Batting: RHB Cristo Cuervo 0-0: Ball
1-0: Called Strike
1-1: Fly out, F9 (Flyball, 9LD)
Bottom of the 1st over - 2 runs, 2 hits, 0 errors, 0 left on base; Pure Michigan 0 - Royse City 2
TOP OF THE 2ND
Pure Michigan Great Lakers batting - Pitching for Royse City Targaryens : LHP Earl Farley
Batting: SHB Tony Gutiérrez 0-0: Fly out, F9 (Flyball, 89S)
Batting: LHB Gilberto Moreno 0-0: Ball
1-0: Ball
2-0: SINGLE (Groundball, 6D)
Batting: SHB Quentin Harrop 0-0: Fielders Choice at 2nd, 6-4 (Groundball, 56)
Batting: RHB Dolla Head 0-0: Ball
Quentin Harrop steals 2nd base
1-0: Ball
2-0: Ball
3-0: Called Strike
3-1: Called Strike
3-2: Base on Balls
Batting: RHB Harith Karim 0-0: Called Strike
0-1: Called Strike
0-2: Hit by Pitch
Quentin Harrop to third
Dolla Head to second
Pinch Runner at 1st Gonzalo Encarnación:
Batting: SHB Allen Pandey 0-0: Called Strike
0-1: Foul Ball, location: 2F
0-2: Ball
1-2: Foul Ball, location: 2F
1-2: Ball
2-2: Foul Ball, location: 2F
2-2: Reached on error, E4 (Groundball, 4)
Quentin Harrop scores
Dolla Head to third
Gonzalo Encarnación to second
Batting: LHB Yin-reng Hsueh 0-0: Ball
1-0: Ball
2-0: Ball
3-0: Base on Balls
Dolla Head scores
Gonzalo Encarnación to third
Allen Pandey to second
Batting: RHB Alco Compagne 0-0: Foul Ball, location: 2F
0-1: Swinging Strike
0-2: GRAND SLAM HOME RUN (Flyball, 9D), Distance : 330 ft
Batting: RHB Dan Hendricks 0-0: Ball
1-0: Ball
2-0: Foul Ball, location: 2F
2-1: Ball
3-1: Called Strike
3-2: Strikes out swinging
Top of the 2nd over - 6 runs, 2 hits, 1 error, 0 left on base; Pure Michigan 6 - Royse City 2
BOTTOM OF THE 2ND
Royse City Targaryens batting - Pitching for Pure Michigan Great Lakers : RHP Luis Bustamante
Now at C: Gonzalo Encarnación
Batting: RHB Craig Greene 0-0: Fly out, F9 (Flyball, 9S)
Batting: LHB Denis Jerningham 0-0: Called Strike
0-1: Ball
1-1: Ball
2-1: Ball
3-1: SINGLE (Groundball, 6MD)
Batting: LHB Santiago Miranda 0-0: Ball
1-0: Foul Ball, location: 2F
1-1: Ball
2-1: Ball
3-1: Called Strike
3-2: Base on Balls
Denis Jerningham to second
Batting: LHB Joe Karnowski 0-0: Ball
1-0: Ball
2-0: Foul Ball, location: 2F
2-1: Ball
3-1: Called Strike
3-2: Foul Ball, location: 2F
3-2: SINGLE (Line Drive, 34D)
Denis Jerningham to third
Santiago Miranda to second
Runner from 3rd tries for Home, SAFE, no throw
Batting: SHB Miguel Herrera 0-0: Foul Ball, location: 2F
0-1: Swinging Strike
0-2: Foul Ball, location: 2F
0-2: Foul Ball, location: 2F
0-2: Fly out, F8 (Flyball, 8LS)
Batting: LHB Jayden Laming 0-0: SINGLE (Flyball, 8LS)
Santiago Miranda to third
Joe Karnowski to second
Runner from 3rd tries for Home, throw and OUT!
Bottom of the 2nd over - 1 run, 3 hits, 0 errors, 2 left on base; Pure Michigan 6 - Royse City 3
TOP OF THE 3RD
Pure Michigan Great Lakers batting - Pitching for Royse City Targaryens : LHP Earl Farley
Batting: SHB Tony Gutiérrez 0-0: Ball
1-0: Ball
2-0: Swinging Strike
2-1: Ground out 6-3 (Groundball, 6)
Batting: LHB Gilberto Moreno 0-0: Ball
1-0: Called Strike
1-1: Called Strike
1-2: Ball
2-2: Foul Ball, location: 2F
2-2: Strikes out looking
Batting: SHB Quentin Harrop 0-0: Ball
1-0: Ball
2-0: Swinging Strike
2-1: Foul Ball, location: 2F
2-2: Strikes out swinging
Top of the 3rd over - 0 runs, 0 hits, 0 errors, 0 left on base; Pure Michigan 6 - Royse City 3
BOTTOM OF THE 3RD
Royse City Targaryens batting - Pitching for Pure Michigan Great Lakers : RHP Luis Bustamante
Batting: RHB Melvin Thomas 0-0: Fly out, F8 (Flyball, 8RM)
Batting: SHB Barney Heise 0-0: Ball
1-0: Foul Ball, location: 2F
1-1: Ball
2-1: SINGLE (Flyball, 7S)
Batting: RHB Cristo Cuervo 0-0: Called Strike
0-1: Ball
1-1: Ball
2-1: Fly out, F7 (Flyball, 7)
Batting: RHB Craig Greene 0-0: Ball
1-0: Foul Ball, location: 2F
1-1: Ball
2-1: Fielders Choice at 2nd, 5-4 (Groundball, 5L)
Bottom of the 3rd over - 0 runs, 1 hit, 0 errors, 1 left on base; Pure Michigan 6 - Royse City 3
TOP OF THE 4TH
Pure Michigan Great Lakers batting - Pitching for Royse City Targaryens : LHP Earl Farley
Batting: RHB Dolla Head 0-0: Ball
1-0: Ball
2-0: Ball
3-0: Base on Balls
Batting: RHB Gonzalo Encarnación 0-0: Ball
1-0: Ball
2-0: Foul Ball, location: 2F
2-1: Ball
3-1: Called Strike
3-2: Ground out 2-3 (Groundball, 2R)
Dolla Head to second
Batting: SHB Allen Pandey 0-0: Ball
1-0: Called Strike
Dolla Head steals 3rd base
1-1: Ground out 4-3 (Groundball, 4)
Dolla Head scores
Batting: LHB Yin-reng Hsueh 0-0: Ball
1-0: Foul Ball, location: 2F
1-1: Ball
2-1: Ball
3-1: Base on Balls
Batting: RHB Alco Compagne 0-0: Called Strike
0-1: Called Strike
Yin-reng Hsueh is caught stealing 2nd base
Top of the 4th over - 1 run, 0 hits, 0 errors, 0 left on base; Pure Michigan 7 - Royse City 3
BOTTOM OF THE 4TH
Royse City Targaryens batting - Pitching for Pure Michigan Great Lakers : RHP Luis Bustamante
Batting: LHB Denis Jerningham 0-0: Swinging Strike
0-1: Ball
1-1: Ball
2-1: Called Strike
2-2: Strikes out swinging
Batting: LHB Santiago Miranda 0-0: Ball
1-0: Ball
2-0: Ball
3-0: Called Strike
3-1: SOLO HOME RUN (Flyball, 89XD), Distance : 380 ft
Batting: LHB Joe Karnowski 0-0: Fly out, F9 (Flyball, 9)
Batting: SHB Miguel Herrera 0-0: Called Strike
0-1: Foul Ball, location: 2F
0-2: Fly out, F8 (Flyball, 8RXD)
Bottom of the 4th over - 1 run, 1 hit, 0 errors, 0 left on base; Pure Michigan 7 - Royse City 4
TOP OF THE 5TH
Pure Michigan Great Lakers batting - Pitching for Royse City Targaryens : LHP Earl Farley
Batting: RHB Alco Compagne 0-0: Ground out 1-3 (Groundball, 15S)
Batting: RHB Dan Hendricks 0-0: Swinging Strike
0-1: Foul Ball, location: 2F
0-2: Ball
1-2: Strikes out swinging
Batting: SHB Tony Gutiérrez 0-0: Called Strike
0-1: Foul Ball, location: 2F
0-2: Strikes out swinging
Top of the 5th over - 0 runs, 0 hits, 0 errors, 0 left on base; Pure Michigan 7 - Royse City 4
BOTTOM OF THE 5TH
Royse City Targaryens batting - Pitching for Pure Michigan Great Lakers : RHP Luis Bustamante
Batting: LHB Jayden Laming 0-0: Foul Ball, location: 2F
0-1: Ball
1-1: Fly out, F6 (Line Drive, 56)
Batting: RHB Melvin Thomas 0-0: Called Strike
0-1: Called Strike
0-2: Ball
1-2: Ball
2-2: Ball
3-2: Base on Balls
Batting: SHB Barney Heise 0-0: Ball
1-0: Swinging Strike
1-1: Called Strike
1-2: Ball
2-2: Ball
3-2: Base on Balls
Melvin Thomas to second
Batting: RHB Cristo Cuervo 0-0: Called Strike
0-1: Foul Ball, location: 2F
0-2: Ball
1-2: Ball
2-2: Ball
3-2: Grounds into double play, 5-4-3 (Groundball, 56)
Bottom of the 5th over - 0 runs, 0 hits, 0 errors, 1 left on base; Pure Michigan 7 - Royse City 4
TOP OF THE 6TH
Pure Michigan Great Lakers batting - Pitching for Royse City Targaryens : LHP Earl Farley
Pitching: RHP Ricardo Gómez
Batting: LHB Gilberto Moreno 0-0: Ball
1-0: Foul Ball, location: 2F
1-1: Fly out, F4 (Line Drive, 4)
Batting: SHB Quentin Harrop 0-0: Called Strike
0-1: Foul Ball, location: 2F
0-2: Foul Ball, location: 2F
0-2: Ball
1-2: Ball
2-2: Ball
3-2: Strikes out swinging
Batting: RHB Dolla Head 0-0: Ball
1-0: Called Strike
1-1: Swinging Strike
1-2: Ground out 6-3 (Groundball, 6S)
Top of the 6th over - 0 runs, 0 hits, 0 errors, 0 left on base; Pure Michigan 7 - Royse City 4
BOTTOM OF THE 6TH
Royse City Targaryens batting - Pitching for Pure Michigan Great Lakers : RHP Luis Bustamante
Batting: RHB Craig Greene 0-0: Ball
1-0: Swinging Strike
1-1: Called Strike
1-2: Ball
2-2: Foul Ball, location: 2F
2-2: Ball
3-2: Base on Balls
Batting: LHB Denis Jerningham 0-0: Fly out, F7 (Flyball, 7LS)
Batting: LHB Santiago Miranda Pickoff Throw to First - Out!
0-0: Called Strike
0-1: SINGLE (Flyball, 7LS)
Batting: LHB Joe Karnowski 0-0: Foul Ball, location: 2F
0-1: Ball
1-1: Ground out 4-3 (Groundball, 4)
Bottom of the 6th over - 0 runs, 1 hit, 0 errors, 1 left on base; Pure Michigan 7 - Royse City 4
TOP OF THE 7TH
Pure Michigan Great Lakers batting - Pitching for Royse City Targaryens : RHP Ricardo Gómez
Batting: RHB Gonzalo Encarnación 0-0: Ball
1-0: Called Strike
1-1: Foul Ball, location: 2F
1-2: Ball
2-2: Foul Ball, location: 2F
2-2: Ground out 6-3 (Groundball, 6)
Batting: SHB Allen Pandey 0-0: Ball
1-0: Called Strike
1-1: Foul Ball, location: 2F
1-2: Foul Ball, location: 2F
1-2: Ball
2-2: Strikes out swinging
Batting: LHB Yin-reng Hsueh 0-0: Ball
1-0: Fly out, F7 (Flyball, 78S)
Top of the 7th over - 0 runs, 0 hits, 0 errors, 0 left on base; Pure Michigan 7 - Royse City 4
BOTTOM OF THE 7TH
Royse City Targaryens batting - Pitching for Pure Michigan Great Lakers : RHP Luis Bustamante
Batting: SHB Miguel Herrera 0-0: Ball
1-0: Called Strike
1-1: Fly out, F8 (Flyball, 8LD)
Batting: LHB Jayden Laming 0-0: Ground out 4-3 (Groundball, 4MD)
Batting: RHB Melvin Thomas 0-0: Foul Ball, location: 2F
0-1: Ball
1-1: Ground out 5-3 (Groundball, 56)
Bottom of the 7th over - 0 runs, 0 hits, 0 errors, 0 left on base; Pure Michigan 7 - Royse City 4
TOP OF THE 8TH
Pure Michigan Great Lakers batting - Pitching for Royse City Targaryens : RHP Ricardo Gómez
Batting: RHB Alco Compagne 0-0: Swinging Strike
0-1: Ball
1-1: Fly out, F7 (Line Drive, 7)
Batting: RHB Dan Hendricks 0-0: Fly out, F7 (Flyball, 78S)
Batting: SHB Tony Gutiérrez 0-0: TRIPLE (Flyball, 8RXD)
Batting: LHB Gilberto Moreno 0-0: Foul Ball, location: 2F
0-1: Ball
1-1: Ball
2-1: Ground out 4-3 (Groundball, 4)
Top of the 8th over - 0 runs, 1 hit, 0 errors, 1 left on base; Pure Michigan 7 - Royse City 4
BOTTOM OF THE 8TH
Royse City Targaryens batting - Pitching for Pure Michigan Great Lakers : RHP Luis Bustamante
Batting: SHB Barney Heise 0-0: Swinging Strike
0-1: Foul Ball, location: 2F
0-2: Ball
1-2: Ball
2-2: Ball
3-2: Fly out, F3 (Popup, 3S)
Pitching: LHP Pedro Garza
Batting: RHB Cristo Cuervo 0-0: SOLO HOME RUN (Flyball, 9D), Distance : 353 ft
Batting: RHB Craig Greene 0-0: Foul Ball, location: 2F
0-1: Ball
1-1: Called Strike
1-2: Ball
2-2: Ground out 5-3 (Groundball, 56)
Batting: LHB Denis Jerningham 0-0: SINGLE (Line Drive, 9LS)
Batting: LHB Santiago Miranda 0-0: Called Strike
0-1: Fly out, F5 (Line Drive, 6)
Bottom of the 8th over - 1 run, 2 hits, 0 errors, 1 left on base; Pure Michigan 7 - Royse City 5
TOP OF THE 9TH
Pure Michigan Great Lakers batting - Pitching for Royse City Targaryens : RHP Ricardo Gómez
Batting: SHB Quentin Harrop 0-0: Ball
1-0: Fly out, F4 (Popup, 4D)
Batting: RHB Dolla Head 0-0: Ball
1-0: Ball
2-0: Fly out, F3 (Popup, 3)
Batting: RHB Gonzalo Encarnación 0-0: SINGLE (Flyball, 7LS) - OUT at second base trying to stretch hit.
Top of the 9th over - 0 runs, 1 hit, 0 errors, 0 left on base; Pure Michigan 7 - Royse City 5
BOTTOM OF THE 9TH
Royse City Targaryens batting - Pitching for Pure Michigan Great Lakers : LHP Pedro Garza
Pitching: RHP Andrei-Luiz Frial
Batting: LHB Joe Karnowski 0-0: SINGLE (Line Drive, 89S)
Batting: SHB Miguel Herrera 0-0: Ball
1-0: Ball
2-0: Foul Ball, location: 2F
2-1: Foul Ball, location: 2F
2-2: Ball
3-2: Grounds into double play, 6-4-3 (Groundball, 6)
Batting: LHB Jayden Laming 0-0: Single, Error in OF, E9, batter to second base
Batting: RHB Melvin Thomas 0-0: Ground out 6-3 (Groundball, 6M)
Bottom of the 9th over - 0 runs, 2 hits, 1 error, 1 left on base; Pure Michigan 7 - Royse City 5
Saturday, December 22nd, 2018 - OOTP Baseball 18.8 Build 76